 Dungeon Crawl Stone Soup version 0.30.1-3-gfc49f6343a (webtiles) character file.

Game seed: 9083535785576919953

98 Heoruswealwe the Conjurer (level 4, -15/24 HPs)
             Began as a Deep Elf Conjurer on Aug 6, 2023.
             Engulfed by a cloud of flame (18 damage)
             ... on level 3 of the Dungeon.
             The game lasted 00:19:43 (1831 turns).

Heoruswealwe the Conjurer (Deep Elf Conjurer)       Turns: 1831, Time: 00:19:43

Health: -15/24     AC:  3    Str:  4    XL:     4   Next: 44%
Magic:  13/13      EV: 13    Int: 25    God:
Gold:   53         SH:  0    Dex: 19    Spells: 3/13 levels left

rFire   . . .        b - +1 great sword of the Priest {freeze, rElec rPois Dex+6 Stlth+}
rCold   . . .        (shield currently unavailable)
rNeg    . . .        c - +0 robe
rPois   +            (no helmet)
rElec   +            h - +0 cloak
rCorr   .            (no gloves)
SInv    .            (no boots)
Will    .....        (no amulet)
Stlth   +++          k - ring of poison resistance
HPRegen 0.24/turn    (no ring)
MPRegen 0.13/turn

%: no passive effects
@: no status effects
A: no striking features
a: no special abilities


You were on level 3 of the Dungeon.
You visited 1 branch of the dungeon, and saw 3 of its levels.

You collected 185 gold pieces.
You spent 132 gold pieces at shops.

Inventory:

Hand Weapons
 b - the +1 great sword of the Priest (weapon) {freeze, rElec rPois Dex+6 Stlth+}
   (You found it on level 3 of the Dungeon)

   Dex:       It affects your dexterity (+6).
   rElec:     It insulates you from electricity.
   rPois:     It protects you from poison.
   Stlth:     It makes you more stealthy.
 s - a +0 arbalest
Armour
 c - a +0 robe (worn)
 h - a +0 cloak (worn)
 r - a +0 robe
Jewellery
 k - a ring of poison resistance (left hand)
Scrolls
 a - 2 scrolls of identify {unknown}
 j - 3 scrolls of brand weapon {unknown}
 l - a scroll of torment {unknown}
 m - 2 scrolls of noise {unknown}
 n - a scroll of magic mapping {unknown}
 o - a scroll of fog {unknown}
Potions
 d - 2 potions of brilliance
 e - 2 potions of flight {unknown}
 f - 2 potions of magic
 g - 2 potions of degeneration {unknown}
 i - a potion of berserk rage {unknown}
 p - a potion of mutation {unknown}
 q - a potion of haste {unknown}


   Skills:
 - Level 2.4 Dodging
 - Level 2.4 Stealth
 + Level 5.0 Spellcasting
 + Level 5.5 Conjurations


You had 3 spell levels left.
You knew the following spells:

 Your Spells              Type           Power      Damage    Failure   Level
a - Magic Dart            Conj           100%       1d8       1%          1
b - Searing Ray           Conj           68%        2d6       1%          2
c - Dazzling Flash        Conj/Hex       40%        N/A       8%          3
d - Fulminant Prism       Conj/Hex       10%        3d8       26%         4

Your spell library contained the following spells:

 Spells                   Type           Power      Damage    Failure   Level
 Volatile Blastmotes      Fire/Tloc      12%        2d11      24%         3
 Iskenderun's Mystic Bla  Conj/Tloc      20%        2d6       26%         4
 Lee's Rapid Deconstruct  Erth           3%         3d5*      92%         5


Dungeon Overview and Level Annotations

Branches:
Dungeon (3/15)

Altars:

Shops:
D:2 !


Message History

s - the +1 great sword of the Priest (weapon)
{freeze, rElec rPois Dex+6 Stlth+} Adjust (i)tems, (s)pells, or (a)bilities?
s - the +1 great sword of the Priest (weapon)
{freeze, rElec rPois Dex+6 Stlth+} Adjust to which letter? (? for menu, Esc to quit)
b - the +1 great sword of the Priest (weapon)
{freeze, rElec rPois Dex+6 Stlth+}
s - a +0 arbalest
Found a stone staircase leading down.
A kobold comes into view. It is wielding a +0 dagger.
The magic dart hits the kobold.
You kill the kobold!
Found a ring mail.
There is a stone staircase leading down here.
Found 10 gold pieces.
Things that are here:
a +0 dagger; 4 stones; a kobold corpse
Found 11 gold pieces.
Found a lumpy silver amulet and an arbalest.
You see here a +0 ring mail.
Found an escape hatch in the floor.
You now have enough gold to buy a potion of curing on D:2, or buy a potion of attraction on D:2.
You can access your shopping list by pressing '$'.
You now have 43 gold pieces (gained 11).
You now have 53 gold pieces (gained 10).
You see here a +0 ring mail.
Things that are here:
a +0 dagger; 4 stones; a kobold corpse
Found a scroll labelled KUASIS RUYTYREI and 13 gold pieces.
Really walk into a travel-excluded area?
Uppercase [Y]es or [N]o only, please.
Really walk into a travel-excluded area?
Found a leather armour.
A kobold comes into view. It is wielding a +0 dagger.
The kobold is engulfed in blazing flames.
The kobold dies!
You are engulfed in blazing flames.
Ouch! That really hurt!
* * * LOW HITPOINT WARNING * * *
You are engulfed in blazing flames.
Ouch! That really hurt!
You die...

..####.##########...###...##.
....#### #. ###.........
.##.# #§ #.###...# .# .# #.§
#)# #.>.# .# # #§§. #.###...#
+# ##...#####.[.....#
...?".☼§§.....##....#
..[$).☼§○.....# ...#
§..($.§@§.....# .##
##...#####....# # #☼§☼#
#....# #§☼○# #....# #§§§#
###### #...# . #..## #####. #
#...# ###......
#.##..###.....#.#


There were no monsters in sight!

Vanquished Creatures
  4 adders
  A worm (D:2)
  A dart slug (D:1)
  2 orcs
  6 endoplasms
  2 giant cockroaches
  7 goblins
  6 hobgoblins
  5 jackals
  2 quokkas (D:1)
  2 bats
  A frilled lizard (D:2)
  6 kobolds
  4 rats
49 creatures vanquished.

Vanquished Creatures (others)
  An endoplasm (D:3)
  A kobold (D:3)
2 creatures vanquished.

Grand Total: 51 creatures vanquished

Notes
Turn   | Place    | Note
-------+----------+-------------------------------------------
     0 | D:1      | Heoruswealwe the Deep Elf Conjurer began the quest for the
                  | Orb.
     0 | D:1      | Reached XP level 1. HP: 10/10 MP: 6/6
   141 | D:1      | Reached XP level 2. HP: 15/15 MP: 0/8
   144 | D:1      | Learned a level 2 spell: Searing Ray
   592 | D:1      | You fall into a shaft and drop 1 floor!
   768 | D:1      | You fall into a shaft and drop 1 floor!
   805 | D:2      | Reached skill level 5 in Conjurations
   805 | D:2      | Reached XP level 3. HP: 19/19 MP: 6/10
   809 | D:2      | Learned a level 3 spell: Dazzling Flash
   812 | D:2      | Found Soblipral's Distillery.
   823 | D:2      | Bought a potion of brilliance for 44 gold pieces
  1420 | D:2      | Bought a potion of magic for 88 gold pieces
  1536 | D:3      | Reached XP level 4. HP: 16/24 MP: 6/12
  1544 | D:3      | Learned a level 4 spell: Fulminant Prism
  1690 | D:3      | Reached skill level 5 in Spellcasting
  1782 | D:3      | Identified the +1 great sword of the Priest {freeze, rElec
                  | rPois Dex+6 Stlth+}
  1831 | D:3      | Engulfed by a cloud of flame

Illustrated notes

Levels and vault maps discovered:
D:1:      onia_arrival_pentagram, layout_basic, corexii_corridor_pit
D:2:      layout_loops_ring, serial_shops, shop_statue, minmay_misc_feat_rugged,
          minmay_pentomino_t2
D:3:      layout_rooms, tgw_trog, minmay_misc_feat_encased,
          corexii_hall_statues_i, chequers_hall_statues_corner_a,
          lemuel_flame_loot_1, uniq_robin, uniq_natasha

Skill      XL: |  1  2  3  4 |
---------------+-------------+-----
Spellcasting   | 4 5 |  5.0
Conjurations   | 5 |  5.5
Dodging        | |  2.4
Stealth        | |  2.4

Action                     |  1- 3 |  4- 6 || total
---------------------------+-------+-------++-------
  Melee: Unarmed           |     5 |       ||     5
   Cast: Magic Dart        |    87 |    27 ||   114
 Armour: Robe              |     2 |     3 ||     5
  Dodge: Dodged            |     9 |    16 ||    25
